 Dungeon Crawl Stone Soup version 0.31-a0-1300-gb6740aa4e6 (console) character file.

Game seed: 2769063121996972758

1715 jejorda2 the Chopper (level 9, -7/73 HPs)
             Began as a Gnoll Berserker on Dec 18, 2023.
             Was an Elder of Trog.
             Mangled by an ogre
             ... wielding a +0 giant club
              (11 damage)
             ... on level 5 of the Dungeon.
             The game lasted 00:09:12 (4283 turns).

jejorda2 the Chopper (Gnoll Berserker)              Turns: 4283, Time: 00:09:15

Health: -7/73      AC: 14    Str: 21    XL:     9   Next: 4%
Magic:  14/14      EV:  8    Int:  6    God:    Trog [****..]
Gold:   253        SH:  5    Dex: 12    Spells: 15/15 levels left

rFire   . . .        a - +0 war axe
rCold   . . .        e - +0 buckler
rNeg    . . .        l - +0 plate armour
rPois   .            C - +0 helmet
rElec   .            (no cloak)
rCorr   .            (no gloves)
SInv    .            (no boots)
Will    ++...        h - amulet of faith Stlth
                     (no ring)
HPRegen 1.32/turn    (no ring)
MPRegen 0.14/turn

%: faith
@: strong-willed (expiring), on berserk cooldown, regenerating (expiring),
slowed, very slow
A: fangs 1, strong nose, distributed training
a: Renounce Religion, Berserk, Trog's Hand, Brothers in Arms


You were on level 5 of the Dungeon.
You worshipped Trog.
Trog was greatly pleased with you.
You visited 1 branch of the dungeon, and saw 5 of its levels.

You collected 400 gold pieces.
You spent 147 gold pieces at shops.

Inventory:

Hand Weapons
 a - a +0 war axe (weapon)
 B - a +2 flail of protection
Missiles
 n - 6 boomerangs
Armour
 e - a +0 buckler (worn)
 l - a +0 plate armour (worn)
 C - a +0 helmet (worn)
Jewellery
 h - an amulet of faith (around neck)
Wands
 s - a wand of paralysis (10)
 x - a wand of mindburst (14)
Scrolls
 b - a scroll of acquirement {unknown}
 d - 2 scrolls of fog {unknown}
 f - 2 scrolls of poison {unknown}
 g - 3 scrolls of teleportation {unknown}
 i - 3 scrolls of enchant armour {unknown}
 k - 2 scrolls of amnesia {unknown}
 q - a scroll of blinking {unknown}
 u - a scroll of noise {unknown}
 v - a scroll of identify {unknown}
 w - a scroll of immolation {unknown}
 y - a scroll of torment {unknown}
Potions
 c - 2 potions of degeneration {unknown}
 j - a potion of enlightenment {unknown}
 m - 2 potions of heal wounds
 o - a potion of curing {unknown}
 p - 2 potions of resistance {unknown}
 r - 3 potions of lignification {unknown}
 t - 2 potions of mutation {unknown}
 z - a potion of might {unknown}
 A - 2 potions of ambrosia {unknown}


   Skills:
 + Level 7.7 Fighting
 + Level 3.9 Short Blades
 + Level 3.9 Long Blades
 + Level 7.7 Axes
 + Level 3.9 Maces & Flails
 + Level 3.9 Polearms
 + Level 3.9 Staves
 + Level 3.9 Ranged Weapons
 + Level 3.9 Throwing
 + Level 6.1 Armour
 + Level 6.1 Dodging
 + Level 3.9 Stealth
 + Level 3.9 Shields
 + Level 3.9 Unarmed Combat
 + Level 3.9 Spellcasting
 + Level 3.2 Conjurations
 + Level 3.2 Hexes
 + Level 3.2 Summonings
 + Level 3.2 Necromancy
 + Level 3.2 Translocations
 + Level 3.2 Transmutations
 + Level 3.2 Fire Magic
 + Level 3.2 Ice Magic
 + Level 3.2 Air Magic
 + Level 3.2 Earth Magic
 + Level 3.2 Poison Magic
 + Level 4.3 Invocations
 + Level 3.9 Evocations
 + Level 3.5 Shapeshifting


You had 15 spell levels left.
You didn't know any spells.
Your spell library was empty.

Dungeon Overview and Level Annotations

Branches:
Dungeon (5/15)
 Temple: D:4-7

Altars:
Ashenzari
Elyvilon
Nemelex Xobeh
Okawaru
Uskayaw
Yredelemnul
Zin

Shops:
D:1 *   D:2 ?


Innate Abilities, Weirdness & Mutations

You have very sharp teeth.
Your uncanny sense of smell can sniff out nearby items.
Your experience applies equally to all skills.


Message History

You block the ogre's attack.
The gnoll hits you from afar with a +0 spear.
The gnoll hits you but does no damage. The gnoll barely misses you.
The centaur hits you but does no damage.
The centaur closely misses you.
You slash the centaur!
You kill the centaur!
Trog accepts your kill.
You slash the gnoll!
You kill the gnoll!
Trog accepts your kill.
You can now call in reinforcements.
You barely miss the ogre. The gnoll closely misses you.
The gnoll hits you from afar with a +0 halberd!
You block the ogre's attack.
You have reached level 9!
Your experience leads to an increase in your attributes!
Increase (S)trength, (I)ntelligence, or (D)exterity?
You feel stronger. x2
You closely miss the ogre. You bite the ogre!
The ogre is severely wounded.
You slash the gnoll!
You kill the gnoll!
Trog accepts your kill.
You are no longer berserk.
You are exhausted.
You feel yourself slow down. The gnoll barely misses you.
The gnoll hits you but does no damage.
You hit the ogre.
The ogre is almost dead.
The gnoll hits you but does no damage. x2
The ogre hits you with a +0 giant club!!
The gnoll barely misses you. The gnoll misses you.
You barely miss the ogre.
The ogre is almost dead.
You feel the effects of Trog's Hand fading.
The ogre hits you with a +0 giant club!!
* * * LOW HITPOINT WARNING * * *
The gnoll closely misses you. You block the gnoll's attack.
The ogre hits you with a +0 giant club!
You die...

#.#.#.#.#.... .# #.......###### #
###..#.## ####### ##.###.#
#8!.?8# ∆ ##)))#.## #.....# ##
#.......# #!.[.?# .####...####
#.g..g# # .##.....# #8))O8#
#######.#### .##.....### ###@###
#.....†....#
..........####8...8####.####.##.#
###.....#...............# #
###.....##......_......##
..###.####......)......#
......########8...8######
#.###.#....# ####### #..# #.#
#......######## ##..#
#.###.#..........)###...#


You could see an ogre and 2 gnolls.

Vanquished Creatures
  Sigmund (D:4)
  A human (D:5)
  A steam dragon (D:4)
  Edmund (D:4)
  A water moccasin (D:5)
  Duvessa (D:5)
  A black bear (D:4)
  A centaur (D:5)
  A gnoll sergeant (D:5)
  A scorpion (D:4)
  Dowan (D:5)
  2 hounds (D:5)
  5 orc priests
  2 iguanas
  4 orc wizards
  7 gnolls (D:5)
  10 adders
  2 ufetubi (D:5)
  4 worms
  4 dart slugs
  13 orcs
  4 ball pythons
  7 endoplasms
  6 giant cockroaches
  4 goblins
  8 hobgoblins
  5 jackals
  9 kobolds
  2 quokkas
  4 bats
  6 frilled lizards
  A jackal skeleton (D:5)
  9 rats
129 creatures vanquished.

Notes
Turn   | Place    | Note
-------+----------+-------------------------------------------
     0 | D:1      | jejorda2 the Gnoll Berserker began the quest for the Orb.
     0 | D:1      | Reached XP level 1. HP: 23/23 MP: 1/1
   158 | D:1      | Reached XP level 2. HP: 29/29 MP: 2/2
   248 | D:1      | Found Gyenne's Assorted Antiques.
   307 | D:1      | Reached XP level 3. HP: 35/35 MP: 3/3
   468 | D:1      | Reached ** piety under Trog
   582 | D:1      | Reached skill level 1 in Invocations
   883 | D:2      | Reached skill level 1 in Short Blades
   883 | D:2      | Reached skill level 1 in Long Blades
   883 | D:2      | Reached skill level 1 in Maces & Flails
   883 | D:2      | Reached skill level 1 in Polearms
   883 | D:2      | Reached skill level 1 in Staves
   883 | D:2      | Reached skill level 1 in Ranged Weapons
   883 | D:2      | Reached skill level 1 in Throwing
   883 | D:2      | Reached skill level 1 in Stealth
   883 | D:2      | Reached skill level 1 in Shields
   883 | D:2      | Reached skill level 1 in Unarmed Combat
   883 | D:2      | Reached skill level 1 in Spellcasting
   883 | D:2      | Reached skill level 1 in Evocations
   944 | D:2      | Found a faded altar of an unknown god.
  1073 | D:2      | Reached XP level 4. HP: 41/41 MP: 5/5
  1187 | D:2      | Reached skill level 1 in Shapeshifting
  1430 | D:2      | Found Jaut's Magic Scroll Shop.
  1532 | D:2      | Reached skill level 1 in Conjurations
  1532 | D:2      | Reached skill level 1 in Hexes
  1532 | D:2      | Reached skill level 1 in Summonings
  1532 | D:2      | Reached skill level 1 in Necromancy
  1532 | D:2      | Reached skill level 1 in Translocations
  1532 | D:2      | Reached skill level 1 in Transmutations
  1532 | D:2      | Reached skill level 1 in Fire Magic
  1532 | D:2      | Reached skill level 1 in Ice Magic
  1532 | D:2      | Reached skill level 1 in Air Magic
  1532 | D:2      | Reached skill level 1 in Earth Magic
  1532 | D:2      | Reached skill level 1 in Poison Magic
  1690 | D:1      | Bought a war axe for 63 gold pieces
  1690 | D:1      | Bought a metallic purple potion for 16 gold pieces
  1690 | D:1      | Bought 2 scrolls labelled ESEK KIPSEU for 36 gold pieces
  1690 | D:1      | Bought 2 golden potions for 32 gold pieces
  1780 | D:3      | Found a glowing silver altar of Zin.
  1949 | D:3      | Found a white marble altar of Elyvilon.
  1959 | D:3      | Reached *** piety under Trog
  2090 | D:3      | Reached XP level 5. HP: 47/47 MP: 5/7
  2422 | D:4      | Identified the +5 falchion of Circular Logic {freeze, rF+
                  | rC- rCorr Stlth+}
  2457 | D:4      | Found a broken altar of Ashenzari.
  2471 | D:4      | Paralysed by an orc for 5 turns
  2487 | D:4      | Reached XP level 6. HP: 53/53 MP: 8/8
  2523 | D:4      | Noticed a steam dragon
  2532 | D:4      | Killed a steam dragon
  2533 | D:4      | Reached skill level 5 in Armour
  2533 | D:4      | Reached skill level 5 in Dodging
  2544 | D:4      | Reached XP level 7. HP: 17/59 MP: 10/10
  3115 | D:4      | Found a sparkling altar of Nemelex Xobeh.
  3196 | D:4      | Noticed Sigmund
  3203 | D:4      | Killed Sigmund
  3224 | D:4      | Noticed Edmund
  3238 | D:4      | Killed Edmund
  3334 | D:4      | Reached XP level 8. HP: 67/67 MP: 12/12
  3360 | D:5      | Entered Level 5 of the Dungeon
  3360 | D:5      | Noticed Duvessa
  3360 | D:5      | Noticed Dowan
  3367 | D:5      | Killed Dowan
  3378 | D:5      | Killed Duvessa
  3383 | D:4      | HP: 2/67 [poisoned by Duvessa]
  3730 | D:5      | Found a runed translucent door.
  3732 | D:5      | Found a basalt altar of Yredelemnul.
  3756 | D:5      | Reached **** piety under Trog
  3977 | D:5      | Found a hide-covered altar of Uskayaw.
  4232 | D:5      | Found an iron altar of Okawaru.
  4234 | D:5      | Found a runed translucent door.
  4239 | D:5      | Found the +0 toga "Victory" {*Victory Clar}
  4281 | D:5      | Reached XP level 9. HP: 55/73 MP: 14/14
  4283 | D:5      | Mangled by an ogre

Illustrated notes

Levels and vault maps discovered:
D:1:      elethiomel_arrival_maze, layout_rooms, serial_shops, shop,
          dreamdust_wishing_well, minmay_pentomino_o2
D:2:      layout_basic, dreamdust_ecumenical_altar_angels_and_demons,
          serial_shops, nicolae_shop_behind_doors, hangedman_decor_push,
          minmay_misc_feat_doors, bh_walls_and_bars
D:3:      layout_basic, mainiacjoe_overflow_tiny_flanked, elyvilon_altar_5,
          nicolae_houndstooth_variations
D:4:      layout_loops_ring, ashenzari_altar_1, nemelex_diamond_rough_becter,
          sigmund_edmund_badplayer
D:5:      layout_loops_cross, nicolae_overflow_guarded_unrand_okawaru_victory,
          mainiacjoe_overflow_surrounded_room, dk_yredelemnul_ordeal,
          uniq_grinder, uniq_duvessa

Skill      XL: |  1  2  3  4  5  6  7  8 |
---------------+-------------------------+-----
Invocations    | 1 2 3 4 |  4.3
Short Blades   | 1 2 3 |  3.9
Long Blades    | 1 2 3 |  3.9
Maces & Flails | 1 2 3 |  3.9
Polearms       | 1 2 3 |  3.9
Staves         | 1 2 3 |  3.9
Ranged Weapons | 1 2 3 |  3.9
Throwing       | 1 2 3 |  3.9
Stealth        | 1 2 3 |  3.9
Shields        | 1 2 3 |  3.9
Unarmed Combat | 1 2 3 |  3.9
Spellcasting   | 1 2 3 |  3.9
Evocations     | 1 2 3 |  3.9
Shapeshifting  | 1 2 3 |  3.5
Conjurations   | 1 2 3 |  3.2
Hexes          | 1 2 3 |  3.2
Summonings     | 1 2 3 |  3.2
Necromancy     | 1 2 3 |  3.2
Translocations | 1 2 3 |  3.2
Transmutations | 1 2 3 |  3.2
Fire Magic     | 1 2 3 |  3.2
Ice Magic      | 1 2 3 |  3.2
Air Magic      | 1 2 3 |  3.2
Earth Magic    | 1 2 3 |  3.2
Poison Magic   | 1 2 3 |  3.2
Armour         | 5 6 |  6.1
Dodging        | 5 6 |  6.1
Fighting       | 7 |  7.7
Axes           | 7 |  7.7

Action                     |  1- 3 |  4- 6 |  7- 9 || total
---------------------------+-------+-------+-------++-------
  Melee: Hand axe          |   113 |    52 |       ||   165
         Bite              |     8 |    12 |    15 ||    35
         War axe           |       |    72 |   183 ||   255
 Invoke: Berserk           |     1 |     2 |     4 ||     7
         Trog's Hand       |       |     1 |     4 ||     5
    Use: Potion            |       |       |     1 ||     1
 Armour: Ring mail         |    16 |       |       ||    16
         Chain mail        |    41 |     4 |       ||    45
         Plate armour      |       |    99 |   205 ||   304
  Dodge: Dodged            |    49 |    37 |    84 ||   170
  Block: Buckler           |    15 |    16 |    50 ||    81

Table legend: (Time is in decaauts)
 A = Elapsed time spent in this place.
 B = Non-inter-level travel time spent in this place.
 C = Inter-level travel time spent in this place.
 D = Time resting spent in this place.
 E = Time spent auto-exploring this place.
 F = Levels seen in this place.
 G = Mean time per level.
                   A        B        C        D        E       F      G
               +--------+--------+--------+--------+--------+-----+--------+
         Total |   4371 |   4159 |    212 |    175 |   3079 |   5 |  874.2 |
       Dungeon |   4371 |   4159 |    212 |    175 |   3079 |   5 |  874.2 |
               +--------+--------+--------+--------+--------+-----+--------+

Top non-repeatable levels by time:
     D:4: 1105 daAuts
     D:2: 946 daAuts
     D:5: 847 daAuts
     D:1: 830 daAuts
     D:3: 641 daAuts
